PBL
COLORADO ROCKIES @ TORONTO BLUE JAYS
09/09/2070
 
TOP OF THE 1ST
Colorado Rockies batting - Pitching for Toronto Blue Jays : RHP Pedro Parra
Pitching: RHP Pedro Parra
Batting: RHB Patrick Hammond 0-0: Ball
1-0: Called Strike
1-1: Ball
2-1: SINGLE (Groundball, 4MD, EV 104.4 MPH)
Batting: RHB Ryan Russell 0-0: Called Strike
0-1: Called Strike
0-2: Ball
1-2: Foul Ball, location: 5FF
1-2: Ball
2-2: Single, Error in OF, E8, batter to second base (Groundball, 4MD, EV 104.4 MPH)
Patrick Hammond to third
Batting: RHB Chip Smith 0-0: Called Strike
0-1: Ball
1-1: Fielders Choice at home, 5-2 (Groundball, 56, EV 91.3 MPH)
Ryan Russell to third
Batting: LHB Dave Baker 0-0: Ball
1-0: Ball
2-0: Foul Ball, location: 2F
2-1: Foul Ball, location: 2F
2-2: Ball
3-2: Foul Ball, location: 7LMF
3-2: Foul Ball, location: 3F
3-2: Foul Ball, location: 2F
3-2: Foul Ball, location: 7LMF
3-2: Foul Ball, location: 3FF
3-2: Foul Ball, location: 7LMF
3-2: SINGLE (Groundball, 34S, EV 71.3 MPH) (infield hit)
Chip Smith to second
Batting: RHB Clyde Walmsley 0-0: Ball
1-0: Ball
2-0: Called Strike
2-1: Ball
3-1: Foul Ball, location: 7LSFF
3-2: Fly out, F7 (Flyball, 78S, EV 95.0 MPH)
Batting: LHB Kokei Kobayashi 0-0: Ball
1-0: Swinging Strike
1-1: Ball
2-1: Foul Ball, location: 5F
2-2: Ball
3-2: Base on Balls
Ryan Russell scores
Chip Smith to third
Dave Baker to second
Batting: SHB William Pearson 0-0: Fly out, F8 (Flyball, 8LXD, EV 110.6 MPH)
Top of the 1st over - 1 run, 3 hits, 1 error, 3 left on base; Colorado 1 - Toronto 0
BOTTOM OF THE 1ST
Toronto Blue Jays batting - Pitching for Colorado Rockies : RHP Manny López
Pitching: RHP Manny López
Batting: LHB Mike González 0-0: Ball
1-0: Foul Ball, location: 25FF
1-1: TRIPLE (Line Drive, 78XD, EV 110.0 MPH)
Batting: LHB Dai-lin Xiu 0-0: Called Strike
0-1: Called Strike
0-2: Ball
1-2: SINGLE (Line Drive, 78S, EV 105.0 MPH)
Mike González scores
Batting: LHB John Alcorn 0-0: Ball
1-0: Foul Ball, location: 3SF
1-1: Fly out, F4 (Line Drive, 4, EV 67.5 MPH)
Batting: LHB Stan Encell 0-0: Foul Ball, location: 23F
0-1: Ball
1-1: Fly out, F9 (Flyball, 9D, EV 103.8 MPH)
Batting: LHB Mels Isabekian 0-0: Called Strike
0-1: Foul Ball, location: 3SF
0-2: Foul Ball, location: 7LSF
0-2: Ground out 4-3 (Groundball, 34D, EV 106.3 MPH)
Bottom of the 1st over - 1 run, 2 hits, 0 errors, 1 left on base; Colorado 1 - Toronto 1
TOP OF THE 2ND
Colorado Rockies batting - Pitching for Toronto Blue Jays : RHP Pedro Parra
Batting: RHB Cedric McNeill 0-0: Called Strike
0-1: Called Strike
0-2: Ball
1-2: Ball
2-2: Reached on error, E1 (Groundball, 15S, EV 74.4 MPH)
Batting: RHB José Ramírez 0-0: Bunted foul
0-1: Ball
1-1: Sac Bunt to 2R - play at first, batter OUT! 2-3
Cedric McNeill to second
Batting: RHB Patrick Hammond 0-0: Ball
1-0: SINGLE (Line Drive, 6D, EV 70.6 MPH)
Cedric McNeill to third
Runner from 3rd tries for Home, SAFE, throw by CF to home
Batting: RHB Ryan Russell 0-0: Ball
1-0: Swinging Strike
1-1: Foul Ball, location: 2F
1-2: Foul Ball, location: 3FF
1-2: Strikes out swinging
Batting: RHB Chip Smith 0-0: Swinging Strike
0-1: Fly out, F5 (Popup, 56, EV 58.8 MPH)
Top of the 2nd over - 1 run, 1 hit, 1 error, 1 left on base; Colorado 2 - Toronto 1
BOTTOM OF THE 2ND
Toronto Blue Jays batting - Pitching for Colorado Rockies : RHP Manny López
Batting: RHB Paul Robertson 0-0: Called Strike
0-1: SINGLE (Groundball, 4MD, EV 103.8 MPH)
Batting: LHB Jake Miller 0-0: Ball
1-0: Foul Ball, location: 7LMF
1-1: Ball
2-1: Fielders Choice at 2nd, 3-6 (Groundball, 3, EV 88.8 MPH)
Batting: RHB Sam Hernández 0-0: Foul Ball, location: 3FF
0-1: Foul Ball, location: 23FF
0-2: Ball
1-2: Fly out, F7 (Flyball, 7D, EV 100.0 MPH)
Batting: RHB Luis Pagán 0-0: Swinging Strike
0-1: Ball
1-1: Fielders Choice at 2nd, U6 (Groundball, 6M, EV 110.0 MPH)
Bottom of the 2nd over - 0 runs, 1 hit, 0 errors, 1 left on base; Colorado 2 - Toronto 1
TOP OF THE 3RD
Colorado Rockies batting - Pitching for Toronto Blue Jays : RHP Pedro Parra
Batting: LHB Dave Baker 0-0: Called Strike
0-1: Fly out, F9 (Line Drive, 89M, EV 105.0 MPH)
Batting: RHB Clyde Walmsley 0-0: Called Strike
0-1: Swinging Strike
0-2: Ball
1-2: Strikes out swinging
Batting: LHB Kokei Kobayashi 0-0: Ball
1-0: SOLO HOME RUN (Flyball, 78XD, EV 97.5 MPH), Distance : 403 ft
Batting: SHB William Pearson 0-0: Ball
1-0: Foul Ball, location: 7LDF
1-1: Swinging Strike
1-2: Fly out, F9 (Flyball, 9D, EV 83.8 MPH)
Top of the 3rd over - 1 run, 1 hit, 0 errors, 0 left on base; Colorado 3 - Toronto 1
BOTTOM OF THE 3RD
Toronto Blue Jays batting - Pitching for Colorado Rockies : RHP Manny López
Batting: LHB Mike González 0-0: Called Strike
0-1: Fly out, F8 (Flyball, 8RM, EV 85.0 MPH)
Batting: LHB Dai-lin Xiu 0-0: Ball
1-0: Fly out, F4 (Line Drive, 4, EV 66.9 MPH)
Batting: LHB John Alcorn 0-0: Ball
1-0: Foul Ball, location: 2F
1-1: Foul Ball, location: 25F
1-2: Ball
2-2: Foul Ball, location: 2F
2-2: Foul Ball, location: 9LMF
2-2: Strikes out swinging
Bottom of the 3rd over - 0 runs, 0 hits, 0 errors, 0 left on base; Colorado 3 - Toronto 1
TOP OF THE 4TH
Colorado Rockies batting - Pitching for Toronto Blue Jays : RHP Pedro Parra
Batting: RHB Cedric McNeill 0-0: Ball
1-0: SINGLE (Line Drive, 56D, EV 94.4 MPH)
Batting: RHB José Ramírez 0-0: Bunt missed!
0-1: Bunted foul
0-2: Ball
1-2: TRIPLE (Flyball, 7D, EV 101.3 MPH)
Cedric McNeill scores
Batting: RHB Patrick Hammond 0-0: Ball
1-0: Called Strike
1-1: Swinging Strike
1-2: Ball
2-2: Ground out 4-3 (Groundball, 4, EV 108.1 MPH)
Batting: RHB Ryan Russell 0-0: Called Strike
0-1: Ball
1-1: Ball
2-1: Ball
3-1: Called Strike
3-2: Ground out 4-3 (Groundball, 4, EV 84.4 MPH)
José Ramírez scores
Batting: RHB Chip Smith 0-0: SINGLE (Groundball, 4MD, EV 103.8 MPH)
Pitching: RHP Cecil Pearce
Batting: LHB Dave Baker 0-0: Called Strike
0-1: Foul Ball, location: 3FF
0-2: Ball
1-2: Ball
2-2: Strikes out looking
Top of the 4th over - 2 runs, 3 hits, 0 errors, 1 left on base; Colorado 5 - Toronto 1
BOTTOM OF THE 4TH
Toronto Blue Jays batting - Pitching for Colorado Rockies : RHP Manny López
Batting: LHB Stan Encell 0-0: SOLO HOME RUN (Flyball, 89XD, EV 106.3 MPH), Distance : 438 ft
Batting: LHB Mels Isabekian 0-0: Foul Ball, location: 3F
0-1: Ball
1-1: Ball
2-1: Called Strike
2-2: SINGLE (Flyball, 78S, EV 96.3 MPH)
Batting: RHB Paul Robertson 0-0: Called Strike
Mels Isabekian steals 2nd base
0-1: Ball
1-1: Called Strike
1-2: Ground out 6-3 (Groundball, 6, EV 85.0 MPH)
Batting: LHB Jake Miller 0-0: Ball
Wild Pitch!
Mels Isabekian to third
1-0: Called Strike
1-1: Called Strike
1-2: Strikes out looking
Batting: RHB Sam Hernández 0-0: Fly out, F8 (Flyball, 8LD, EV 93.8 MPH)
Bottom of the 4th over - 1 run, 2 hits, 0 errors, 1 left on base; Colorado 5 - Toronto 2
TOP OF THE 5TH
Colorado Rockies batting - Pitching for Toronto Blue Jays : RHP Cecil Pearce
Batting: RHB Clyde Walmsley 0-0: Ball
1-0: Ball
2-0: Foul Ball, location: 25F
2-1: Fly out, F8 (Flyball, 89S, EV 94.4 MPH)
Batting: LHB Kokei Kobayashi 0-0: Ball
1-0: Foul Ball, location: 3F
1-1: Swinging Strike
1-2: Ground out 6-3 (Groundball, 6, EV 87.5 MPH)
Batting: SHB William Pearson 0-0: Called Strike
0-1: Ball
1-1: Ball
2-1: Foul Ball, location: 2F
2-2: Ball
3-2: Foul Ball, location: 25F
3-2: Foul Ball, location: 7LSF
3-2: Ground out 6-3 (Groundball, 6, EV 82.5 MPH)
Top of the 5th over - 0 runs, 0 hits, 0 errors, 0 left on base; Colorado 5 - Toronto 2
BOTTOM OF THE 5TH
Toronto Blue Jays batting - Pitching for Colorado Rockies : RHP Manny López
Batting: RHB Luis Pagán 0-0: Ball
1-0: SINGLE (Groundball, 3S, EV 62.5 MPH) (infield hit)
Batting: LHB Mike González 0-0: Foul Ball, location: 2F
0-1: Ball
1-1: Ball
2-1: Swinging Strike
2-2: Foul Ball, location: 5F
2-2: Ball
3-2: Strikes out swinging
Luis Pagán steals 2nd base (no throw)
Batter strikes out.
Batting: LHB Dai-lin Xiu 0-0: Ball
1-0: Called Strike
1-1: Called Strike
1-2: Ball
2-2: SINGLE (Groundball, 34D, EV 95.6 MPH)
Luis Pagán to third
Runner from 3rd tries for Home, SAFE, throw by RF to home
Dai-lin Xiu to second
Batting: LHB John Alcorn 0-0: Ground out 1-3 (Groundball, 13S, EV 75.0 MPH)
Dai-lin Xiu to third
Batting: LHB Stan Encell 0-0: Ball
1-0: Swinging Strike
1-1: Called Strike
1-2: Strikes out swinging
Bottom of the 5th over - 1 run, 2 hits, 0 errors, 1 left on base; Colorado 5 - Toronto 3
TOP OF THE 6TH
Colorado Rockies batting - Pitching for Toronto Blue Jays : RHP Cecil Pearce
Batting: RHB Cedric McNeill 0-0: Ball
1-0: SOLO HOME RUN (Flyball, 9D, EV 93.8 MPH), Distance : 349 ft
Batting: RHB José Ramírez 0-0: Ball
1-0: Ball
2-0: Ground out 3-1 (Groundball, 34S, EV 90.0 MPH)
Batting: RHB Patrick Hammond 0-0: Called Strike
0-1: Ball
1-1: Foul Ball, location: 2F
1-2: Ball
2-2: Foul Ball, location: 2F
2-2: Foul Ball, location: 2F
2-2: Ball
3-2: Base on Balls
Batting: RHB Ryan Russell 0-0: Swinging Strike
0-1: Swinging Strike
0-2: Ball
1-2: Strikes out swinging
Batting: RHB Chip Smith 0-0: Called Strike
0-1: Foul Ball, location: 5F
0-2: Ball
1-2: Foul Ball, location: 9LMF
1-2: Foul Ball, location: 2F
1-2: Foul Ball, location: 2F
1-2: Ground out 1-3 (Groundball, 15S, EV 68.1 MPH)
Top of the 6th over - 1 run, 1 hit, 0 errors, 1 left on base; Colorado 6 - Toronto 3
BOTTOM OF THE 6TH
Toronto Blue Jays batting - Pitching for Colorado Rockies : RHP Manny López
Batting: LHB Mels Isabekian 0-0: Called Strike
0-1: Foul Ball, location: 7LDF
0-2: Hit by Pitch
Batting: RHB Paul Robertson 0-0: Ball
1-0: SINGLE (Line Drive, 7S, EV 111.3 MPH)
Mels Isabekian to second
Batting: LHB Jake Miller 0-0: Foul Ball, location: 2F
0-1: Foul Ball, location: 7LDF
0-2: SINGLE (Groundball, 34D, EV 95.6 MPH)
Mels Isabekian to third
Paul Robertson to second
Runner from 3rd tries for Home, SAFE, throw by RF to home
Batting: RHB Sam Hernández 0-0: Foul Ball, location: 25FF
0-1: Ball
1-1: Called Strike
1-2: Foul Ball, location: 3FF
1-2: Ball
2-2: Fly out, F7 (Flyball, 78M, EV 75.6 MPH)
Batting: RHB Luis Pagán 0-0: Ball
1-0: Ball
2-0: Fly out, F8 (Flyball, 8LM, EV 88.8 MPH)
Pitching: RHP Barney Washington
Batting: LHB Mike González 0-0: Foul Ball, location: 3FF
0-1: Foul Ball, location: 2F
0-2: Ball
1-2: Fly out, F7 (Line Drive, 7LM, EV 93.1 MPH)
Bottom of the 6th over - 1 run, 2 hits, 0 errors, 2 left on base; Colorado 6 - Toronto 4
TOP OF THE 7TH
Colorado Rockies batting - Pitching for Toronto Blue Jays : RHP Cecil Pearce
Pitching: RHP Masaharu Kodo
Batting: LHB Dave Baker 0-0: Ball
1-0: Foul Ball, location: 5F
1-1: Swinging Strike
1-2: Ball
2-2: SOLO HOME RUN (Flyball, 89XD, EV 110.6 MPH), Distance : 427 ft
Batting: RHB Clyde Walmsley 0-0: Foul Ball, location: 2F
0-1: SINGLE (Line Drive, 3D, EV 102.5 MPH)
Batting: LHB Kokei Kobayashi 0-0: Ball
1-0: Fielders Choice at 2nd, 3-6 (Groundball, 3, EV 103.8 MPH)
Batting: SHB William Pearson 0-0: Swinging Strike
0-1: Ball
1-1: Called Strike
1-2: Strikes out swinging
Batting: RHB Cedric McNeill 0-0: Called Strike
0-1: Ball
1-1: Ball
2-1: Ground out 4-3 (Groundball, 4, EV 76.9 MPH)
Top of the 7th over - 1 run, 2 hits, 0 errors, 1 left on base; Colorado 7 - Toronto 4
BOTTOM OF THE 7TH
Toronto Blue Jays batting - Pitching for Colorado Rockies : RHP Barney Washington
Batting: LHB Dai-lin Xiu 0-0: Ball
1-0: Ball
2-0: Foul Ball, location: 3F
2-1: Ground out U3 (Groundball, 13, EV 88.1 MPH)
Batting: LHB John Alcorn 0-0: Ball
1-0: Fly out, F8 (Flyball, 8LM, EV 90.6 MPH)
Batting: LHB Stan Encell 0-0: Ball
1-0: Ball
2-0: Ground out 4-3 (Groundball, 4, EV 105.6 MPH)
Bottom of the 7th over - 0 runs, 0 hits, 0 errors, 0 left on base; Colorado 7 - Toronto 4
TOP OF THE 8TH
Colorado Rockies batting - Pitching for Toronto Blue Jays : RHP Masaharu Kodo
Batting: RHB José Ramírez 0-0: Swinging Strike
0-1: Foul Ball, location: 2F
0-2: Ball
1-2: Strikes out looking
Batting: RHB Patrick Hammond 0-0: Swinging Strike
0-1: Ball
1-1: Ball
2-1: Foul Ball, location: 9LMF
2-2: Strikes out swinging
Batting: RHB Ryan Russell 0-0: Called Strike
0-1: Foul Ball, location: 9LDF
0-2: SINGLE (Line Drive, 8RS, EV 102.5 MPH)
Batting: RHB Chip Smith 0-0: Ball
1-0: Swinging Strike
1-1: Foul Ball, location: 9LSF
1-2: Foul Ball, location: 7LSF
1-2: Foul Ball, location: 9LSF
1-2: Ball
2-2: Foul Ball, location: 2LF
2-2: Foul Ball, location: 2F
2-2: Strikes out swinging
Top of the 8th over - 0 runs, 1 hit, 0 errors, 1 left on base; Colorado 7 - Toronto 4
BOTTOM OF THE 8TH
Toronto Blue Jays batting - Pitching for Colorado Rockies : RHP Barney Washington
Batting: LHB Mels Isabekian 0-0: Swinging Strike
0-1: Ball
1-1: Foul Ball, location: 23F
1-2: Strikes out swinging
Batting: RHB Paul Robertson 0-0: Swinging Strike
0-1: Ball
1-1: Called Strike
1-2: Foul Ball, location: 2F
1-2: Ground out 6-3 (Groundball, 56, EV 83.1 MPH)
Batting: LHB Jake Miller 0-0: Foul Ball, location: 3FF
0-1: Ball
1-1: Foul Ball, location: 7LDF
1-2: SINGLE (Groundball, 4D, EV 103.1 MPH)
Batting: RHB Sam Hernández 0-0: Ball
1-0: Swinging Strike
1-1: Fly out, F4 (Popup, 4, EV 70.0 MPH)
Bottom of the 8th over - 0 runs, 1 hit, 0 errors, 1 left on base; Colorado 7 - Toronto 4
TOP OF THE 9TH
Colorado Rockies batting - Pitching for Toronto Blue Jays : RHP Masaharu Kodo
Pitching: RHP Lou Markakis
Batting: LHB Dave Baker 0-0: Called Strike
0-1: Ball
1-1: Ball
2-1: Foul Ball, location: 7LSF
2-2: Strikes out swinging
Batting: RHB Clyde Walmsley 0-0: Foul Ball, location: 3F
0-1: Ball
1-1: Foul Ball, location: 7LMF
1-2: Ball
2-2: Ball
3-2: Fly out, F7 (Flyball, 7D, EV 93.1 MPH)
Batting: LHB Kokei Kobayashi 0-0: Ball
1-0: Ball
2-0: Called Strike
2-1: Foul Ball, location: 2F
2-2: Ball
3-2: Strikes out looking
Top of the 9th over - 0 runs, 0 hits, 0 errors, 0 left on base; Colorado 7 - Toronto 4
BOTTOM OF THE 9TH
Toronto Blue Jays batting - Pitching for Colorado Rockies : RHP Barney Washington
Pitching: RHP Cooper Dubarry
Batting: RHB Luis Pagán 0-0: Ball
1-0: Ball
2-0: Ball
3-0: Called Strike
3-1: Fly out, F9 (Flyball, 9, EV 76.9 MPH)
Batting: LHB Mike González 0-0: Called Strike
0-1: Ground out 4-3 (Groundball, 4M, EV 90.6 MPH)
Batting: LHB Dai-lin Xiu 0-0: Foul Ball, location: 2F
0-1: Foul Ball, location: 2F
0-2: SINGLE (Groundball, 34D, EV 99.4 MPH)
Batting: LHB John Alcorn 0-0: Ball
1-0: Swinging Strike
1-1: Ball
2-1: Ball
3-1: Swinging Strike
3-2: Strikes out looking
Bottom of the 9th over - 0 runs, 1 hit, 0 errors, 1 left on base; Colorado 7 - Toronto 4
Saturday, February 17th , 2024 - OOTP Baseball 24.10 Build 82